 Dungeon Crawl Stone Soup version 0.27-a0-1431-gcffa5a9b16 (webtiles) character file.

Game seed: 5060177646442201711

394 Sin92 the Skirmisher (level 6, -2/48 HPs)
             Began as a Demonspawn Fighter on July 2, 2021.
             Slain by an iguana (5 damage)
             ... on level 4 of the Dungeon.
             The game lasted 00:03:57 (3364 turns).

Sin92 the Skirmisher (Demonspawn Fighter)           Turns: 3364, Time: 00:03:58

Health: -2/48      AC: 10    Str: 18    XL:     6   Next: 51%
Magic:  0/6        EV:  5    Int:  9    God:
Gold:   142        SH:  9    Dex: 13    Spells: 5/5 levels left

rFire    . . .     SeeInvis .   a - +0 war axe
rCold    . . .     Faith    .   c - +0 kite shield
rNeg     . . .     Spirit   +   e - +0 chain mail
rPois    .         Reflect  .   (no helmet)
rElec    .         Harm     .   d - +0 cloak {rCorr}
rCorr    +         Rampage  .   (no gloves)
Will     .....                  (no boots)
Stlth    ..........             f - amulet of guardian spirit
HPRegen  0.16/turn              (no ring)
MPRegen  0.10/turn              (no ring)

@: no status effects
A: hooves 1, foul stench 2
a: no special abilities


You were on level 4 of the Dungeon.
You visited 1 branch of the dungeon, and saw 4 of its levels.

You collected 142 gold pieces.

Inventory:

Hand Weapons
 a - a +0 war axe (weapon)
Armour
 b - a +0 scale mail
 c - a +0 kite shield (worn)
 d - a +0 cloak of preservation (worn)
 e - a +0 chain mail (worn)
Jewellery
 f - an amulet of guardian spirit (around neck)
Wands
 k - a wand of iceblast (4)
Scrolls
 g - a scroll of summoning {unknown}
 h - a scroll of immolation {unknown}
 j - a scroll of enchant weapon {unknown}
 l - a scroll of identify {unknown}
 m - a scroll of blinking {unknown}
 n - a scroll of enchant armour {unknown}


   Skills:
 + Level 4.1 Fighting
 + Level 3.2 Axes
 + Level 3.8 Armour
 + Level 2.5 Dodging
 + Level 3.8 Shields


You had 5 spell levels left.
You didn't know any spells.
Your spell library contained the following spells:

 Spells                   Type           Power      Damage    Failure   Level
 Stone Arrow              Conj/Erth      0%         3d7       100%        3
 Bolt of Magma            Conj/Fire/Erth 0%         4d4       100%        5
 Shatter                  Erth           0%         3d5*      100%        9


Dungeon Overview and Level Annotations

Branches:
Dungeon (4/15)
 Temple: D:4-7

Altars:


Innate Abilities, Weirdness & Mutations

You have large cloven feet.
You sometimes emit foul miasma when damaged in melee.


Message History

You hit the orc. The orc hits you but does no damage. x2
You hit the orc.
The orc is heavily wounded.
You barely miss the orc.
The orc hits you with a +1 mace of protection!
* * * LOW HITPOINT WARNING * * *
You block the orc's attack.
Unknown command.
Your shield and chain mail prevent you from hitting the orc.
The orc is heavily wounded.
You closely miss the orc. You block the orc's attack.
The orc hits you but does no damage. x2; You block the orc's attack.
You slash the orc!
You kill the orc!
Your shield and chain mail prevent you from hitting the iguana.
You closely miss the orc. The orc hits you but does no damage.
You block the iguana's attack.
Unknown command.
You block the orc's attack. The iguana bites you.
* * * LOW HITPOINT WARNING * * *
Items here: )) ††.
You hit the iguana but do no damage. You hit the orc but do no damage.
The orc hits you with a +0 dagger.
You emit a cloud of foul miasma!
You block the iguana's attack. The iguana bites you.
* * * LOW HITPOINT WARNING * * *
The orc is engulfed in dark miasma.
The orc is poisoned.
You kill the orc!
Unknown command.
You hit the iguana. You kick the iguana.
The iguana is moderately wounded.
You block the iguana's attack.
You barely miss the iguana. Your kick misses the iguana.
The iguana is moderately wounded.
You block the iguana's attack.
The iguana bites you but does no damage.
You hit the iguana.
The iguana is moderately wounded.
You hear the slow hiss of a very distant avalanche of sand.
You block the iguana's attack. The iguana bites you.
You die...

,,,,,,,,,,,********,*,*,,,,,,,,,,
*******,,,,,,...##....#,*,*,,,,,,
** *,*,,,,,...#....##*,*,***** ,*
*,*,****#........#*,#,,,,,, ,*
*,*,* #........##.###****
,******,*,**###.............#
,+,,,,,,,,,,..............#o#
,********,######l......##.#.##***
,********,#.....@..........o.,,,,
,,,,,,,*.......#☼##'#####.#.#****
****,*,*######.#.##.#######.#####
,,,,,,,,,,,,,..#.##....).........
,***,*,*****####.##########.#####
,* *,*,* #..,,,,,,,...# ,* *,*,*
###******##### ,***,*,* ,,,,,*,*


You could see an iguana.

Vanquished Creatures
  Sigmund (D:4)
  Crazy Yiuf (D:2)
  Ijyb (D:3)
  Terence (D:3)
  Jessica (D:3)
  Robin (D:2)
  4 adders
  A worm (D:2)
  2 dart slugs
  5 orcs (D:4)
  3 ball pythons
  7 bats
  8 endoplasms
  A giant cockroach (D:4)
  12 goblins (D:2)
  8 hobgoblins
  4 jackals (D:1)
  10 frilled lizards
  7 kobolds
  8 rats
86 creatures vanquished.

Vanquished Creatures (others)
  4 plants (D:1)
4 creatures vanquished.

Grand Total: 90 creatures vanquished

Notes
Turn   | Place    | Note
-------+----------+-------------------------------------------
     0 | D:1      | Sin92 the Demonspawn Fighter began the quest for the Orb.
     0 | D:1      | Reached XP level 1. HP: 18/18 MP: 1/1
   379 | D:1      | Gained mutation: You have large cloven feet. [demonic
                  | ancestry]
   379 | D:1      | Reached XP level 2. HP: 23/24 MP: 2/2
   583 | D:1      | Found a faded altar of an unknown god.
  1161 | D:1      | Reached XP level 3. HP: 29/29 MP: 3/3
  1532 | D:2      | Reached skill level 1 in Dodging
  1647 | D:2      | Noticed Robin
  1676 | D:2      | Killed Robin
  1676 | D:2      | HP: 1/29 [hobgoblin[Robin] (3)]
  1677 | D:2      | Gained mutation: You may rarely emit foul miasma when
                  | damaged in melee. [demonic ancestry]
  1677 | D:2      | Reached XP level 4. HP: 1/35 MP: 4/4
  1832 | D:2      | Found a runed translucent door.
  1833 | D:2      | Noticed Crazy Yiuf
  2196 | D:2      | Killed Crazy Yiuf
  2245 | D:3      | Noticed Jessica
  2250 | D:3      | Killed Jessica
  2251 | D:3      | Gained mutation: You sometimes emit foul miasma when
                  | damaged in melee. [demonic ancestry]
  2251 | D:3      | Reached XP level 5. HP: 40/42 MP: 5/5
  2447 | D:3      | Noticed Terence
  2456 | D:3      | Killed Terence
  2624 | D:3      | Noticed Ijyb
  2629 | D:3      | Killed Ijyb
  3306 | D:4      | Noticed Sigmund
  3324 | D:4      | Killed Sigmund
  3325 | D:4      | Reached skill level 4 in Fighting
  3325 | D:4      | Reached XP level 6. HP: 13/48 MP: 2/6
  3364 | D:4      | Slain by an iguana

Illustrated notes

Levels and vault maps discovered:
D:1:      dpeg_arrival_simpleton_a, layout_loops_ring,
          ebering_ecumenical_altar_ruins, minmay_lizard_king
D:2:      layout_rooms, uniq_crazy_yiuf_cottage, uniq_robin
D:3:      layout_basic, uniq_terence, uniq_jessica, uniq_ijyb
D:4:      layout_basic, lightli_ossuary_entry_decrepit_ruins,
          uniq_blork_the_orc, uniq_sigmund

Skill      XL: |  1  2  3  4  5 |
---------------+----------------+-----
Axes           | 2 3 |  3.2
Armour         | 3 |  3.8
Shields        | 3 |  3.8
Dodging        | 1 2 |  2.5
Fighting       | 4 |  4.1

Action                   |  1- 3 |  4- 6 || total
-------------------------+-------+-------++-------
Melee: War axe           |   146 |    98 ||   244
       Kick              |    25 |    25 ||    50
  Use: Potion            |     1 |     2 ||     3
       Scroll            |       |     1 ||     1
Armor: Scale mail        |    67 |       ||    67
       Chain mail        |    41 |    56 ||    97
Dodge: Dodged            |    60 |    17 ||    77
Block: Kite shield       |    91 |    51 ||   142

Table legend: (Time is in decaauts)
 A = Elapsed time spent in this place.
 B = Non-inter-level travel time spent in this place.
 C = Inter-level travel time spent in this place.
 D = Time resting spent in this place.
 E = Time spent auto-exploring this place.
 F = Levels seen in this place.
 G = Mean time per level.
                   A        B        C        D        E       F      G
               +--------+--------+--------+--------+--------+-----+--------+
         Total |   3516 |   3454 |     62 |    250 |   2502 |   4 |  879.0 |
       Dungeon |   3516 |   3454 |     62 |    250 |   2502 |   4 |  879.0 |
               +--------+--------+--------+--------+--------+-----+--------+

Top non-repeatable levels by time:
     D:1: 1551 daAuts
     D:3: 1051 daAuts
     D:2: 812 daAuts
     D:4: 100 daAuts
